 Dungeon Sprint DCSS version 0.27.1-34-g3ba077fa99 (webtiles) character file.

Game seed: 9919727453210168894

35 Arum the Shield-Bearer (level 3, 0/31 HPs)
             Began as a Formicid Fighter on Jan 15, 2022.
             Slain by a sky beast (5 damage)
             ... in the Dungeon (Sprint IX: "|||||||||||||||||||||||||||||").
             The game lasted 00:00:24 (125 turns).

Arum the Shield-Bearer (Formicid Fighter)            Turns: 125, Time: 00:00:25

Health: 0/31       AC:  7    Str: 21    XL:     3   Next: 55%
Magic:  3/3        EV:  8    Int:  7    God:
Gold:   0          SH: 10    Dex: 10    Spells: 2/2 levels left

rFire    . . .     SeeInvis +   a - +0 quarterstaff
rCold    . . .     Faith    .   c - +0 kite shield
rNeg     . . .     Spirit   .   b - +0 scale mail
rPois    .         Reflect  .   (helmet unavailable)
rElec    .         Harm     .   (no cloak)
rCorr    .         Rampage  .   (no gloves)
Will     .....                  (no boots)
Stlth    ..........             (no amulet)
HPRegen  0.10/turn              (no ring)
MPRegen  0.08/turn              (no ring)

@: mighty
A: permanent stasis, dig shafts and tunnels, antennae 3, four strong arms
a: Dig


You were in the Dungeon.
You visited 1 branch

Inventory:

Hand Weapons
 a - a +0 quarterstaff (weapon)
Armour
 b - a +0 scale mail (worn)
 c - a +0 kite shield (worn)
Potions
 e - a potion of curing
 f - a potion of heal wounds
 g - 2 potions of magic


   Skills:
 + Level 4.7 Fighting
 + Level 3.6 Staves
 + Level 4.7 Armour
 + Level 5.2 Shields


You had 2 spell levels left.
You didn't know any spells.
Your spell library was empty.

Dungeon Overview and Level Annotations

Branches:
Dungeon (1/1)

Altars:


Innate Abilities, Weirdness & Mutations

You cannot be hasted, slowed, berserked, paralysed or teleported.
You can dig through walls and to a lower floor.
You have a pair of large antennae on your head. (SInv)
Your four strong arms can wield two-handed weapons with a shield.


Message History

You kill the white imp!
The sky beast flickers out of sight for a moment.
You have reached level 3!
Your experience leads to an increase in your attributes!
Increase (S)trength, (I)ntelligence, or (D)exterity?
You feel stronger.
You completely miss the dart slug. The dart slug launches a dart at you.
The slug dart misses you.
You bludgeon the dart slug!!
You kill the dart slug!
The gnoll hits you from afar with a +2 spear of pain.
You writhe in agony.
The gnoll hits you from afar with a +2 spear of pain.
* * * LOW HITPOINT WARNING * * *
Your Shields skill increases to level 5!
You block the gnoll's attack.
There is an open door here.
You see here an adder corpse.
Unknown command.
Unknown command.
Unknown command.
Unknown command.
Unknown command.
Unknown command.
Unknown command.
You thump the gnoll!
You kill the gnoll!
You hit the sky beast.
The sky beast is moderately wounded.
The sky beast closely misses you.
You closely miss the sky beast.
The sky beast is moderately wounded.
The sky beast hits you but does no damage.
You closely miss the sky beast.
The sky beast is moderately wounded.
The sky beast hits you.
* * * LOW HITPOINT WARNING * * *
The sky beast shocks you.
You die...

▓.▓
▓.▓
▓†▓
▓.▓
▓.▓
▓.▓
▓.▓
▓.▓
▓@▓
▓Y▓
▓.▓
▓.▓
▓.▓
▓.▓
▓+▓


You could see a sky beast (invisible).

Vanquished Creatures
  A gnoll (D)
  An adder (D)
  A white imp (D)
  A dart slug (D)
  An endoplasm (D)
  3 quokkas (D)
  A bat (D)
9 creatures vanquished.

Notes
Turn   | Place    | Note
-------+----------+-------------------------------------------
     0 | D        | Arum the Formicid Fighter began the quest for the Orb.
     0 | D        | Reached XP level 1. HP: 18/18 MP: 1/1
    12 | D        | Reached skill level 4 in Shields
    22 | D        | Reached XP level 2. HP: 19/25 MP: 2/2
   103 | D        | Noticed a sky beast
   119 | D        | Reached XP level 3. HP: 13/31 MP: 3/3
   121 | D        | Reached skill level 5 in Shields
   125 | D        | Slain by a sky beast

Illustrated notes

Levels and vault maps discovered:
D:        linesprint [early_d, line_temple, items_1, d_10, items_2, lair_1,
          lair_end, items_3, orc_1, orc_end, items_4, d_15, swamp_1, shoals_1,
          snake_1, spider_1, d_20, vaults_1, items_5, swamp_end, shoals_end,
          snake_end, spider_end, vaults_end, d_27, items_6, zot_1, zot_end,
          crypt_end, forest_end, elf_end, slime_end, tomb_end, abyss_end,
          pan_hell_end]

Skill      XL: |  1  2  3 |
---------------+----------+-----
Shields        | 4 5 |  5.2
Fighting       | 4 |  4.7
Staves         | 3 |  3.6
Armour         | 4 |  4.7

Action                   || total
-------------------------++-------
Melee: Quarterstaff      ||    38
  Use: Potion            ||     1
Armor: Scale mail        ||    10
Dodge: Dodged            ||    17
Block: Kite shield       ||    19
